AoeStats
← Yuumi Jg

Highland

504256162Analyzed
4v4 RM · 27d ago on Sep 4, 2026· 42m 39s· 8 players
Game mode
Random Map
Map size
Large (8 player)
Population
200
Speed
Normal
Resources
Standard
Victory
Conquest
Starting age
Dark Age
Ending age
Imperial Age
RankedLock teamsTeams togetherTeam positionsShared explorationLock speedFull tech treeHidden civsTurbo modeCheats
Victory
Defeat
🇨🇳 Khmer · China
1031
+15
🇪🇨 Slavs · Ecuador
1013
+15
🇮🇳 Bulgarians · India
983
+16
🇨🇳 Franks · China
898
+37
🇬🇷 Mongols · Greece
1059
-19
🇫🇷 Inca · France
1029
-18
🇨🇭 Maya · Switzerland
1000
-51
859
-25
NarutoUzumaki_32
Skunq aka toxic
11:58 Feudal Age
14:38 Loom
15:08 Horse Collar
17:41 Castle Age
18:31 Double-Bit Axe
21:09 Champi Runner
22:37 Champi Warrior
23:38 Squires
25:11 Forging
25:02 Scale Mail Armor
25:28 Gold Mining
29:02 Iron Casting
28:43 Chain Mail Armor
31:19 Arson
33:20 Wheelbarrow
37:07 Padded Archer Armor
36:57 Fletching
39:43 Imperial Age
Aenor
7:19 Loom
9:25 Feudal Age
14:30 Town Watch
21:10 Castle Age
19:39 Double-Bit Axe
20:31 Horse Collar
24:13 Wheelbarrow
24:57 Bow Saw
27:02 Heavy Plow
26:57 Stone Mining
29:45 Hand Cart
30:08 Bloodlines
29:59 Husbandry
30:07 Scale Barding Armor
29:53 Fletching
30:13 Forging
34:38 Imperial Age
33:07 Bodkin Arrow
34:22 Padded Archer Armor
33:46 Light Cavalry
35:22 Leather Archer Armor
35:29 Ballistics
37:51 Conscription
37:29 Hussar
38:39 Bracer
Carlos #MakeTheToiletCleanAgain
12:08 Feudal Age
13:41 Wheelbarrow
12:53 Horse Collar
13:04 Double-Bit Axe
19:24 Castle Age
17:30 Fletching
17:43 Padded Archer Armor
22:37 Hand Cart
25:37 Fervor
25:48 Sanctity
26:11 Masonry
26:22 Ballistics
26:13 Fortified Wall
25:59 Murder Holes
27:43 Bow Saw
27:36 Heavy Plow
31:13 Caravan
34:22 Imperial Age
31:41 Loom
33:38 Yeomen
33:20 Bodkin Arrow
33:40 Leather Archer Armor
35:27 Elite Longbowman
36:29 Conscription
37:32 Bracer
39:09 Chemistry
38:52 Ring Archer Armor
40:41 Architecture
Yuumi Jg
7:24 Loom
10:52 Feudal Age
16:01 Castle Age
14:37 Double-Bit Axe
15:08 Gold Mining
17:24 Bow Saw
24:13 Horse Collar
24:25 Man-at-Arms
25:24 Forging
25:22 Heavy Plow
26:26 Iron Casting
25:26 Long Swordsman
34:46 Wheelbarrow
36:02 Hand Cart
40:20 Imperial Age
38:00 Squires
38:03 Scale Mail Armor
39:14 Chain Mail Armor
40:21 Gold Shaft Mining
40:47 Masonry
40:31 Town Watch
40:24 Two-Handed Swordsman
41:39 Plate Mail Armor
42:09 Blast Furnace
42:17 Conscription
41:59 Druzhina
41:51 Champion
Great after 40mins
2:35 Loom
11:11 Feudal Age
11:43 Double-Bit Axe
14:19 Wheelbarrow
21:39 Castle Age
20:37 Gold Mining
20:37 Stone Mining
22:49 Bow Saw
29:02 Gold Shaft Mining
32:20 Imperial Age
30:22 Hand Cart
31:17 Husbandry
32:29 Scale Barding Armor
32:35 Forging
33:13 Town Watch
33:53 Ballistics
33:30 Murder Holes
34:00 Chain Barding Armor
34:15 Iron Casting
33:05 Cavalier
34:34 Town Patrol
35:12 Plate Barding Armor
35:47 Fervor
35:52 Fortified Wall
35:53 Masonry
37:12 Blast Furnace
36:31 Fishing Lines
37:48 Conscription
36:49 Elite Throwing Axeman
37:57 Caravan
37:46 Paladin
39:59 Architecture
JAS
6:45 Loom
12:49 Feudal Age
18:18 Castle Age
17:10 Horse Collar
17:18 Double-Bit Axe
18:41 Wheelbarrow
24:49 Heavy Plow
25:02 Bow Saw
24:52 Gold Mining
25:49 Stone Mining
33:19 Imperial Age
31:11 Hand Cart
31:59 Gold Shaft Mining
32:52 Stone Shaft Mining
34:29 Elite Konnik
36:18 Squires
35:41 Pikeman
36:15 Gambesons
36:44 Forging
36:49 Halberdier
37:03 Halberdier
39:09 Chemistry
38:31 Ballistics
38:20 Scale Barding Armor
38:51 Iron Casting
38:27 Elite Konnik
39:05 Stirrups
40:07 Chain Barding Armor
40:49 Blast Furnace
41:55 Bagains
42:47 Plate Barding Armor
42:13 Scale Mail Armor
42:19 Padded Archer Armor
42:21 Scale Mail Armor
42:13 Fletching
42:34 Elite Skirmisher
43:21 Thumb Ring
小青柠
10:44 Feudal Age
13:27 Loom
17:34 Castle Age
15:51 Double-Bit Axe
16:38 Stone Mining
16:58 Horse Collar
17:34 Gold Mining
18:44 Bow Saw
20:09 Heavy Plow
24:25 Wheelbarrow
25:46 Gold Shaft Mining
26:47 Stone Shaft Mining
26:48 Husbandry
26:58 Bloodlines
28:36 Scale Barding Armor
29:49 Hand Cart
34:19 Imperial Age
32:47 Scale Mail Armor
32:57 Forging
33:10 Chain Barding Armor
33:32 Ballistics
34:38 Scale Mail Armor
35:13 Iron Casting
35:06 Devotion
35:24 Double Crossbow
35:45 Conscription
36:33 Conscription
36:44 Elite Ballista Elephant
40:23 Coinage
41:05 Faith
Connection lost

Rejoining the realm…

Still unreachable

The connection could not be restored.

Session expired

The server has moved on; the page needs a fresh start.